 Dungeon Crawl Stone Soup version 0.31.0-11-ge490571c62 (webtiles) character file.

Game seed: 14685895724431316434

245852 EonDragon20 the Spry (level 19, -1/158 HPs)
             Began as a Merfolk Ice Elementalist on Feb 1, 2024.
             Was a High Priest of Sif Muna.
             Slain by a vampire knight
             ... wielding a +0 long sword
              (10 damage)
             ... on level 15 of the Dungeon.
             The game lasted 05:15:50 (58271 turns).

EonDragon20 the Spry (Merfolk Ice Elementalist)    Turns: 58271, Time: 05:15:50

Health: -1/158     AC: 14    Str:  9    XL:     19   Next: 49%
Magic:  11/35      EV: 20    Int: 21    God:    Sif Muna [*****.]
Gold:   1582       SH:  0    Dex: 15    Spells: 3/42 levels left

rFire   . . .        O - staff of air
rCold   . . .        (no shield)
rNeg    + . .        I - +0 acid dragon scales
rPois   +            G - +0 helmet
rElec   +            D - +0 cloak
rCorr   +            L - +1 pair of gloves
SInv    .            i - +2 pair of boots
Will    ++++.        F - amulet of the Four Winds {rN+ Will+++ Clar}
Stlth   ++++++       J - ring of poison resistance
HPRegen 0.46/turn    a - ring of wizardry
MPRegen 0.24/turn

%: clarity, wizardry (x1)
@: hasted (expiring), very quick
A: (nimble swimmer 2), mertail
}: 2/15 runes: serpentine, barnacled
a: Renounce Religion, Channel Magic, Forget Spell, Divine Exegesis


You were on level 15 of the Dungeon.
You worshipped Sif Muna.
Sif Muna was extremely pleased with you.
You visited 8 branches of the dungeon, and saw 32 of its levels.
You also visited: Sewer, Ossuary and Bailey.

You collected 2941 gold pieces.
You spent 1359 gold pieces at shops.

Inventory:

Hand Weapons
 d - a +3 dagger of electrocution
 f - a +4 dagger of venom
Armour
 i - a +2 pair of boots (worn)
 D - a +0 cloak (worn)
 G - a +0 helmet (worn)
 I - +0 acid dragon scales (worn)
 L - a +1 pair of gloves (worn)
Magical Staves
 O - a staff of air (weapon)
Jewellery
 a - a ring of wizardry (right hand)
 e - a ring of positive energy
 o - an amulet of magic regeneration
 u - a ring of protection from fire
 v - a ring of see invisible
 w - a +6 ring of intelligence
 C - a ring of resist corrosion
 F - the amulet of the Four Winds (around neck) {rN+ Will+++ Clar}
   (You bought it in a shop on level 2 of the Orcish Mines)

   [amulet of nothing]

   rN+:       It protects you from negative energy.
   Will+++:   It greatly increases your willpower.
   Clar:      It protects you from confusion, rage, mesmerisation and fear.
 J - a ring of poison resistance (left hand)
 S - a ring of flight
 V - a ring of ice
 Z - the ring of Jucwaa {Str+6 Dex+2}
   (You found it on level 4 of the Shoals)

   [ring of strength]

   Str+6:     It affects your strength (+6).
   Dex+2:     It affects your dexterity (+2).
Wands
 m - a wand of paralysis (20)
 t - a wand of light (14)
 H - a wand of roots (8)
 M - a wand of mindburst (10)
 R - a wand of polymorph (15)
Scrolls
 h - 3 scrolls of vulnerability
 q - a scroll of enchant armour
 r - 3 scrolls of poison
 s - 7 scrolls of amnesia
 y - 4 scrolls of fog
 B - 4 scrolls of teleportation
 N - 2 scrolls of butterflies
 P - 5 scrolls of immolation
 Q - 2 scrolls of enchant weapon
 T - 6 scrolls of identify
Potions
 b - 4 potions of magic
 c - 8 potions of attraction
 g - 2 potions of haste
 j - 3 potions of resistance
 k - 3 potions of curing
 l - 6 potions of might
 p - 2 potions of berserk rage
 x - 5 potions of mutation
 z - 3 potions of ambrosia
 A - 2 potions of enlightenment
 E - 2 potions of cancellation
 X - 2 potions of brilliance
 Y - 2 potions of lignification


   Skills:
 * Level 16.3 Fighting
 - Level 2.9 Armour
 * Level 17.7 Dodging
 * Level 15.9 Stealth
 * Level 12.3 Spellcasting
 * Level 7.0 Conjurations
 - Level 3.3 Summonings
 - Level 1.9 Translocations
 * Level 0.4 Fire Magic
 - Level 16.8 Ice Magic
 - Level 6.9 Air Magic
 - Level 11.5 Invocations


You had 3 spell levels left.
You knew the following spells:

 Your Spells              Type           Power      Damage    Failure   Level
a - Freeze                Ice            100%       1d10      0%          1
b - Frozen Ramparts       Ice            100%       1d16      1%          3
c - Ozocubu's Armour      Ice            70%        N/A       1%          3
d - Summon Ice Beast      Ice/Summ       53%        N/A       1%          3
e - Freezing Cloud        Conj/Ice/Air   35%        6-21      1%          5
f - Hailstorm             Conj/Ice       58%        3d11      1%          3
g - Blink                 Tloc           42%        N/A       2%          2
h - Airstrike             Air            29%        2d(5-21)  1%          4
i - Summon Lightning Spi  Summ/Air       51%        N/A       4%          4
j - Ozocubu's Refrigerat  Ice            35%        4d15      2%          7
k - Flame Wave            Conj/Fire      28%        2d9       7%          4

Your spell library contained the following spells:

 Spells                   Type           Power      Damage    Failure   Level
 Magic Dart               Conj           100%       1d8       1%          1
 Sting                    Conj/Alch      100%       1d9       1%          1
 Cigotuvi's Dreadful Rot  Necr/Alch/Air  68%        N/A       1%          2
 Ensorcelled Hibernation  Hex/Ice        96%        N/A       1%          2
 Mercury Vapours          Alch/Air       82%        N/A       1%          2
 Momentum Strike          Conj/Tloc      62%        3d9       1%          2
 Searing Ray              Conj           84%        2d7       1%          2
 Static Discharge         Conj/Air       100%       3-8/arc   1%          2
 Mephitic Cloud           Conj/Alch/Air  48%        N/A       1%          3
 Lesser Beckoning         Tloc           42%        N/A       2%          2
 Call Canine Familiar     Summ           26%        N/A       2%          3
 Stone Arrow              Conj/Erth      54%        3d10      2%          3
 Sandblast                Erth           24%        2d8       3%          1
 Scorch                   Fire           28%        2d6       4%          2
 Gell's Gravitas          Tloc           21%        N/A       4%          3
 Teleport Other           Tloc           21%        N/A       4%          3
 Inner Flame              Hex/Fire       13%        N/A       9%          3
 Fugue of the Fallen      Necr           12%        N/A       10%         3
 Passwall                 Erth           12%        N/A       10%         3
 Vampiric Draining        Necr           12%        2d6       10%         3
 Metabolic Englaciation   Hex/Ice        24%        N/A       2%          5
 Arcjolt                  Conj/Air       29%        1d39      5%          5
 Brom's Barrelling Bould  Conj/Erth      27%        2d5       8%          4
 Fulminant Prism          Conj/Alch      13%        3d8       8%          4
 Sculpt Simulacrum        Ice/Alch       24%        N/A       16%         6
 Fireball                 Conj/Fire      14%        3d8       19%         5
 Conjure Ball Lightning   Conj/Air       29%        3x3d8     26%         6
 Anguish                  Hex/Necr       6%         N/A       32%         4
 Animate Dead             Necr           12%        N/A       32%         4
 Olgreb's Toxic Radiance  Alch           12%        N/A       32%         4
 Petrify                  Alch/Erth      12%        N/A       32%         4
 Borgnjor's Vile Clutch   Necr/Erth      6%         N/A       63%         5
 Starburst                Conj/Fire      14%        6d6       69%         6
 Summon Cactus Giant      Summ           13%        N/A       75%         6
 Dispersal                Tloc           10%        N/A       89%         6
 Death Channel            Necr           6%         N/A       99%         6
 Maxwell's Capacitive Co  Air            29%        ∞         100%        8
 Chain Lightning          Conj/Air       29%        3d39      100%        9
 Fire Storm               Conj/Fire      14%        8d4       100%        9
 Shatter                  Erth           6%         3d9*      100%        9


Dungeon Overview and Level Annotations

Branches:
Dungeon (15/15)            Temple (1/1) D:7            Lair (4/5) D:9
 Shoals (4/4) Lair:2        Snake (4/4) Lair:3        Slime (0/5) Lair:4
    Orc (2/2) D:12            Elf (0/3) Orc:2        Vaults (1/5) D:13
 Depths (1/4) D:15          Sewer (visited)         Ossuary (visited)
 Bailey (visited)

Altars:
Ashenzari
Cheibriados
Dithmenos
Elyvilon
Fedhas
Gozag
Hepliaklqana
Kikubaaqudgha
Makhleb
Nemelex Xobeh
Okawaru
Qazlal
Ru
Sif Muna
Trog
Uskayaw
Vehumet
Wu Jian
Xom
Yredelemnul
Zin
The Shining One
Jiyva

Shops:
D:6 =   D:12 ?   Orc:2 [*=(   Snake:3 !   Snake:4 ?   Depths:1 [

Annotations:
D:5 3 runed translucent doors, SnakkuSnakku7's ghost, novice MfAE
D:15 Sojobo
Shoals:2 2 transporters, Bityczex's ghost, adept DEFE


Innate Abilities, Weirdness & Mutations

((You are very nimble when in or above water. (Stealth+, EV+, Speed+++)))
Your lower body shifts to a powerful aquatic tail in water.


Message History

The phantasmal warrior blinks!
The phantasmal warrior gestures at you.
The phantasmal warrior blinks!
You feel ready to blink again. The phantasmal warrior hits you.
* * * LOW HITPOINT WARNING * * *
There is a staircase back to the Dungeon, spattered with blood here.
The phantasmal warrior hits you!
* * * LOW HITPOINT WARNING * * *
The iron troll completely misses you.
The iron troll claws you but does no damage.
The iron troll barely misses you.
You climb upwards.
Welcome back to the Dungeon!
Level annotation: Sojobo
There is a staircase to the Depths here.
Casting: Blink (safe; 2% risk of failure)
Confirm with . or Enter, or press ? or * to list all spells.
You blink.
The vampire knight mumbles some strange words.
The vampire knight flickers and vanishes!
Deactivating autopickup; reactivate with Ctrl-A.
The phantasmal warrior gestures at you.
The phantasmal warrior blinks!
You hear some strange, mumbled words.
The phantasmal warrior gestures at you.
The phantasmal warrior blinks!
You feel ready to blink again.
There is an open door here.
Sojobo shouts!
Your extra speed is starting to run out.
Something hits you!!
* * * LOW HITPOINT WARNING * * *
Something bites you!
* * * LOW HITPOINT WARNING * * *
Something draws strength from your injuries!
Sojobo mumbles some strange words.
Unknown command.
As you read the scroll of fog, it dissolves into smoke.
Something barely misses you. Something bites you!
You die...

.# #............................
.#####.#...##...#........#..#.#..
.##....#...##.^.##.#.##..........
.##.####...##...##.#.##.#)..#.#..
.##.#####^####.###.#.##..###...).
.##.#.......#...##.#.##..# #..##.
...#...........§.§§......###.#.#(
###.#.#######.§§#§..##E.....###..
# #.#.# #..§@§§.§.Q..#.#.#.#. #
#.#.# ##.##{..###.....#.##. #
#.#.# #.###....E.......... #
#.#.########.######.#..Q..#..#. #
#.....................<#....### #
###.########.........#.####..#.
#####.#########.#####..#.# ##...
..<.............# #..#.# ##..
#####.########..#####..#.######..


You could see an air elemental (summoned).

Vanquished Creatures
  2 krakens
  Kirke (Shoals:1)
  2 tengu reavers (Depths:1)
  4 nagarajas (Snake:4)
  Ilsuiw (Shoals:2)
  Louise (Shoals:1)
  A vault warden (Vaults:1)
  An orc warlord (Orc:1)
  An ironbound preserver (Vaults:1)
  3 stone giants
  A dire elephant (Vaults:1)
  An ettin (Orc:2)
  19 merfolk impalers
  11 merfolk javelineers
  Fannar (D:12)
  3 great orbs of eyes
  2 vault guards (Vaults:1)
  6 hydras
  5 salamander tyrants
  2 ogre magi
  14 centaur warriors
  4 merfolk avatars
  3 alligator snapping turtles
  9 two-headed ogres
  6 anacondas
  3 boulder beetles
  2 satyrs (Shoals:4)
  2 merfolk aquamancers
  A death yak (Lair:3)
  15 naga warriors
  A deep troll earth mage (Depths:1)
  3 tengu warriors
  3 orc high priests
  9 naga sharpshooters
  9 shock serpents
  A skyshark (Shoals:1)
  5 deep trolls
  2 spark wasp zombies (Depths:1)
  3 salamander mystics
  A deep elf archer (D:13)
  9 sea snakes
  3 lindwurms
  10 mana vipers
  8 naga ritualists
  A necromancer (Depths:1)
  4 ironbound convokers (Vaults:1)
  A lindwurm (shapeshifter) (D:15)
  8 orc knights
  27 harpies
  4 deep elf pyromancers
  3 orc sorcerers
  Pikel (D:4)
  13 ugly things
  13 fauns
  9 cyclopes
  16 manticores
  2 kobold blastminers (Orc:2)
  13 salamanders
  8 merfolk sirens
  A vault sentinel (Vaults:1)
  10 elephants
  A guardian serpent (Snake:3)
  5 water nymphs
  5 gargoyles
  15 naga magi
  34 black mambas
  9 cane toads
  An efreet (D:14)
  3 unseen horrors
  6 rime drakes
  4 kobold demonologists
  4 komodo dragons
  A tengu conjurer (D:13)
  A yaktaur (D:15)
  4 trolls
  4 wind drakes
  3 polar bears
  11 blink frogs
  30 merfolk
  A spriggan zombie (Depths:1)
  A raiju (shapeshifter) (D:14)
  4 dream sheep
  17 snapping turtles
  A fire giant simulacrum (Depths:1)
  A centaur simulacrum (D:14)
  3 vampires
  57 yaks
  9 water elementals
  22 slime creatures
  12 wyverns
  2 wraiths (D:12)
  A human (Shoals:1)
  7 wargs
  A yak (shapeshifter) (D:15)
  9 basilisks
  3 steam dragons
  5 hogs (Shoals:1)
  4 vampire mosquitoes (D:13)
  43 nagas
  3 acid dragons
  A hell hound (Lair:4)
  13 water moccasins
  Pargi (Sewer)
  2 black bears
  30 orc warriors
  An ice beast (D:8)
  2 laughing skulls (D:13)
  7 ogres
  15 centaurs
  A wolf (Lair:3)
  A lemure (D:4)
  A phantom (D:6)
  3 kobold brigands (D:13)
  2 brain worms (Sewer)
  2 scorpions
  11 bullfrogs
  A gnoll sergeant (D:8)
  3 wights (D:9)
  24 killer bees
  5 howler monkeys
  3 electric eels
  A bombardier beetle (D:5)
  20 orc priests
  5 hounds
  3 jellies
  6 iguanas
  Natasha (thrice) (D:3)
  36 orc wizards
  A sleepcap (D:8)
  3 hell rats (Lair:4)
  8 mummies (Ossuary)
  7 gnolls
  9 adders
  A shadow imp (D:6)
  8 ufetubi
  5 dart slugs
  A ribbon worm (D:3)
  79 orcs
  4 bats
  7 endoplasms
  4 giant cockroaches
  10 goblins
  10 hobgoblins
  8 jackals
  A quokka (D:2)
  14 ball pythons
  7 frilled lizards
  6 hobgoblin zombies (Ossuary)
  9 kobolds
  2 kobold zombies (Ossuary)
  4 rats
  A butterfly (D:6)
  A tentacle (Shoals:2)
1088 creatures vanquished.

Vanquished Creatures (collateral kills)
  A nagaraja (Snake:3)
  An orc warlord (Orc:2)
  A rime drake (Lair:4)
  A blink frog (Lair:2)
  A slime creature (D:15)
  2 wraiths (D:10)
  4 wights (D:9)
11 creatures vanquished.

Vanquished Creatures (others)
  11 tentacles
11 creatures vanquished.

Grand Total: 1110 creatures vanquished

Notes
Turn   | Place    | Note
-------+----------+-------------------------------------------
     0 | D:1      | EonDragon20 the Merfolk Ice Elementalist began the quest
                  | for the Orb.
     0 | D:1      | Reached XP level 1. HP: 13/13 MP: 3/3
    69 | D:1      | Found a faded altar of an unknown god.
   196 | D:1      | Reached XP level 2. HP: 19/19 MP: 0/5
   389 | D:1      | Reached skill level 5 in Ice Magic
   801 | D:1      | Reached XP level 3. HP: 24/24 MP: 2/6
  1377 | D:2      | Learned a level 3 spell: Frozen Ramparts
  1769 | D:2      | Reached XP level 4. HP: 29/30 MP: 4/7
  2033 | D:2      | Learned a level 3 spell: Ozocubu's Armour
  2035 | D:3      | Noticed Natasha
  2073 | D:3      | Killed Natasha
  2074 | D:3      | Reached skill level 1 in Fighting
  2199 | D:3      | Noticed Natasha
  2208 | D:3      | Killed Natasha
  2209 | D:3      | Reached XP level 5. HP: 39/39 MP: 3/8
  2564 | D:3      | Noticed Natasha
  2570 | D:3      | Killed Natasha
  3081 | D:4      | Noticed a lemure
  3082 | D:4      | Noticed a lemure
  3083 | D:4      | Noticed Pikel
  3093 | D:4      | Noticed a lemure
  3094 | D:4      | Killed a lemure
  3103 | D:4      | Noticed a lemure
  3110 | D:4      | Killed Pikel
  3111 | D:4      | Reached skill level 5 in Fighting
  3111 | D:4      | Reached XP level 6. HP: 29/52 MP: 0/9
  3111 | D:4      | Reached XP level 7. HP: 32/57 MP: 0/10
  3193 | D:3      | Learned a level 3 spell: Summon Ice Beast
  3368 | D:4      | Reached skill level 1 in Summonings
  4088 | D:5      | Entered Level 5 of the Dungeon
  4215 | D:5      | Found a glowing drain.
  4224 | Sewer    | Entered a sewer
  4348 | Sewer    | Noticed Pargi
  4377 | Sewer    | Reached XP level 8. HP: 60/65 MP: 3/11
  4502 | Sewer    | Killed Pargi
  5078 | D:5      | Reached skill level 3 in Dodging
  5157 | D:5      | Reached skill level 4 in Dodging
  5159 | D:5      | Reached skill level 1 in Armour
  5339 | D:5      | Found a runed translucent gate.
  5347 | D:5      | Found a runed translucent gate.
  5347 | D:5      | Noticed SnakkuSnakku7's ghost (novice MfAE)
  5348 | D:5      | Found a runed translucent gate.
  5720 | D:5      | Reached XP level 9. HP: 73/73 MP: 2/12
  5965 | D:6      | Found a shimmering altar of Xom.
  6051 | D:6      | Found a sand-covered staircase.
  6167 | D:6      | Found Wufeirr's Jewellery Emporium.
  6175 | D:6      | Reached skill level 5 in Dodging
  6315 | Ossuary  | Entered an ossuary
  6949 | D:6      | Bought an amulet of magic regeneration for 390 gold pieces
  7076 | D:6      | Reached skill level 5 in Stealth
  7820 | D:7      | Found a staircase to the Ecumenical Temple.
  7839 | D:7      | Reached skill level 6 in Dodging
  7969 | Temple   | Entered the Ecumenical Temple
  8010 | Temple   | Became a worshipper of Sif Muna the Loreminder
  8831 | D:8      | Found a glowing golden altar of the Shining One.
  8831 | D:8      | Found a snail-covered altar of Cheibriados.
  8839 | D:8      | Found an opulent altar of Gozag.
  8841 | D:8      | Found a radiant altar of Vehumet.
  8843 | D:8      | Found a faded altar of an unknown god.
  9085 | D:8      | Identified the +0 leather armour of Feul {rN+}
  9123 | D:8      | Noticed a cyclops
  9145 | D:8      | Killed a cyclops
  9146 | D:8      | Reached XP level 10. HP: 82/82 MP: 7/14
  9378 | D:8      | Reached skill level 7 in Dodging
  9431 | D:8      | Noticed a two-headed ogre
  9437 | D:8      | Killed a two-headed ogre
  9569 | D:8      | Reached * piety under Sif Muna
  9795 | D:9      | Found a white marble altar of Elyvilon.
  9808 | D:9      | Reached skill level 1 in Invocations
  9816 | D:9      | Learned a level 5 spell: Freezing Cloud
 10034 | D:9      | Reached skill level 8 in Dodging
 10189 | D:9      | Reached skill level 1 in Air Magic
 10224 | D:9      | Reached skill level 1 in Conjurations
 10230 | D:9      | Reached XP level 11. HP: 90/90 MP: 17/17
 10277 | D:9      | Reached ** piety under Sif Muna
 10499 | D:9      | Found a staircase to the Lair.
 10978 | D:9      | Found an ornate altar of the Wu Jian Council.
 11036 | D:9      | Identified a scroll of acquirement
 11036 | D:9      | Acquired a staff of conjuration
 11101 | D:10     | Entered Level 10 of the Dungeon
 11515 | D:10     | Found a flagged portal.
 11585 | D:10     | Reached skill level 10 in Fighting
 11664 | Bailey   | Entered a bailey
 11925 | Lair:1   | Entered Level 1 of the Lair of Beasts
 11953 | Lair:1   | Reached skill level 9 in Dodging
 12044 | Lair:1   | Reached skill level 10 in Ice Magic
 13280 | Lair:2   | Found a staircase to the Shoals.
 13280 | Lair:2   | Noticed a harpy
 13280 | Lair:2   | Noticed a harpy
 13352 | Lair:2   | Reached XP level 12. HP: 77/98 MP: 10/18
 13774 | Lair:2   | Noticed a five-headed hydra
 14097 | Lair:2   | Reached skill level 5 in Conjurations
 14124 | Lair:2   | Reached skill level 5 in Air Magic
 14460 | Lair:2   | Reached *** piety under Sif Muna
 15162 | Lair:2   | Learned a level 3 spell: Mephitic Cloud
 16338 | D:11     | Found a burning altar of Makhleb.
 16576 | D:11     | Learned a level 3 spell: Hailstorm
 16623 | D:11     | Noticed a centaur warrior
 16857 | D:11     | Found a shimmering altar of Xom.
 17116 | D:11     | Killed a centaur warrior
 17117 | D:11     | Reached XP level 13. HP: 72/104 MP: 11/20
 17542 | D:12     | Found a staircase to the Orcish Mines.
 17558 | D:11     | Reached skill level 5 in Spellcasting
 17982 | D:12     | Noticed Fannar
 18616 | Lair:3   | Found a staircase to the Snake Pit.
 18765 | Lair:3   | Reached **** piety under Sif Muna
 19210 | Lair:3   | Reached skill level 5 in Invocations
 19479 | Lair:3   | Reached skill level 10 in Dodging
 20916 | Lair:4   | Reached ***** piety under Sif Muna
 20966 | Lair:4   | Found a viscous altar of Jiyva.
 20967 | Lair:4   | Found a staircase to the Slime Pits.
 21155 | Lair:4   | Reached XP level 14. HP: 103/113 MP: 19/23
 22219 | D:12     | Found Zarribuwib's Magic Scroll Shoppe.
 22554 | D:12     | Reached skill level 11 in Dodging
 23271 | D:12     | Killed Fannar
 23416 | Orc:1    | Entered Level 1 of the Orcish Mines
 24453 | D:13     | Reached skill level 10 in Stealth
 24617 | D:13     | Received a gift from Sif Muna
 24674 | D:13     | Got Cusir's Omnibus of Viperous Correspondence {god gift}
 24688 | D:13     | Learned a level 2 spell: Blink
 24762 | D:13     | Found a gate to the Vaults.
 25454 | D:13     | Reached skill level 1 in Translocations
 25980 | D:14     | Reached skill level 12 in Dodging
 26559 | D:14     | Reached XP level 15. HP: 108/120 MP: 19/26
 27461 | D:12     | Bought a scroll of fog for 56 gold pieces
 27538 | D:15     | Entered Level 15 of the Dungeon
 29114 | D:15     | Found a staircase to the Depths.
 29622 | D:15     | Found an opulent altar of Gozag.
 29709 | D:15     | Reached skill level 13 in Dodging
 30143 | Shoals:1 | Entered Level 1 of the Shoals
 30143 | Shoals:1 | Noticed Louise
 30174 | Snake:1  | Entered Level 1 of the Snake Pit
 30278 | Snake:1  | Received a gift from Sif Muna
 30279 | Snake:1  | Got Sif Muna's Quotidian Lost Knowledge {god gift}
 31626 | Snake:1  | You fall into a shaft and drop 1 floor!
 32286 | Snake:2  | Reached XP level 16. HP: 123/130 MP: 21/28
 32465 | Snake:2  | Found a basalt altar of Yredelemnul.
 34039 | Snake:3  | Found Juduet's Distillery.
 34264 | Snake:3  | Bought a potion of brilliance for 52 gold pieces
 34264 | Snake:3  | Bought a potion of heal wounds for 65 gold pieces
 34264 | Snake:3  | Bought a potion of curing for 39 gold pieces
 34636 | Snake:3  | Reached skill level 14 in Dodging
 35416 | Snake:3  | Received a gift from Sif Muna
 35453 | Snake:3  | Learned a level 4 spell: Airstrike
 35458 | Snake:3  | Learned a level 4 spell: Summon Lightning Spire
 35557 | Snake:3  | Noticed a nagaraja
 35568 | Snake:3  | Reached skill level 10 in Invocations
 35574 | Snake:3  | Killed a nagaraja
 35932 | Snake:4  | Entered Level 4 of the Snake Pit
 36493 | Snake:4  | Found Dityuqetz's Magic Scroll Emporium.
 37328 | Snake:4  | Reached XP level 17. HP: 120/139 MP: 28/30
 37502 | Snake:4  | Reached skill level 10 in Spellcasting
 38443 | Snake:4  | Reached skill level 15 in Dodging
 38641 | Snake:4  | Received a gift from Sif Muna
 38648 | Snake:4  | Got Unoatamm's Elucidation of Damaging Bedrock {god gift}
 39187 | Snake:4  | Reached skill level 15 in Ice Magic
 39722 | Snake:4  | Got a serpentine rune of Zot
 39945 | Shoals:1 | Killed Louise
 40313 | Shoals:1 | Noticed Kirke
 40539 | Shoals:1 | Noticed a sphinx
 40541 | Shoals:1 | Noticed a sphinx
 40541 | Shoals:1 | Killed Kirke
 41898 | Shoals:2 | Found a transporter.
 42337 | Shoals:2 | Noticed a kraken
 42468 | Shoals:2 | Noticed Ilsuiw
 42484 | Shoals:2 | Killed Ilsuiw
 42771 | Shoals:2 | Received a gift from Sif Muna
 42772 | Shoals:2 | Got Sif Muna's Octavo of Congelation and Kinetic Energy
                  | {god gift}
 42790 | Shoals:2 | Learned a level 7 spell: Ozocubu's Refrigeration
 42912 | Shoals:2 | Found a transporter.
 43248 | Shoals:2 | Noticed Bityczex's ghost (adept DEFE)
 43249 | Shoals:2 | Identified the ring of Ammurad {MP+9 Slay+2}
 43251 | Shoals:2 | Identified the +3 spear of Checkmate {pain, ^Contam rElec
                  | Int+6 Stlth+}
 44114 | Shoals:2 | Killed a kraken
 44115 | Shoals:2 | Reached XP level 18. HP: 106/148 MP: 3/32
 44990 | Shoals:2 | Reached skill level 15 in Fighting
 45118 | Shoals:3 | Reached skill level 16 in Dodging
 46560 | Shoals:4 | Entered Level 4 of the Shoals
 49628 | Shoals:4 | Received a gift from Sif Muna
 50020 | Shoals:4 | Reached skill level 15 in Stealth
 50324 | Shoals:4 | Identified the ring of Jucwaa {Str+6 Dex+2}
 51289 | Shoals:4 | Reached skill level 17 in Dodging
 51835 | Shoals:4 | Got a barnacled rune of Zot
 52852 | Orc:1    | Received a gift from Sif Muna
 52853 | Orc:1    | Got Xacuqy's Tractate on Force {god gift}
 52859 | Orc:1    | Reached ****** piety under Sif Muna
 53022 | Orc:2    | Entered Level 2 of the Orcish Mines
 53123 | Orc:2    | Reached XP level 19. HP: 157/157 MP: 22/34
 53305 | Orc:2    | Found an iron altar of Okawaru.
 53341 | Orc:2    | Found a staircase to the Elven Halls.
 54009 | Orc:2    | Found Niammunt's Antique Weapon Shoppe.
 54016 | Orc:2    | Found Xuamu's Jewellery Shoppe.
 54023 | Orc:2    | Found Makk's General Store.
 54060 | Orc:2    | Found Gonaplaj's Antique Armour Shoppe.
 54126 | Orc:2    | Bought a ring of see invisible for 150 gold pieces
 54126 | Orc:2    | Bought the amulet of the Four Winds {rN+ Will+++ Clar} for
                  | 607 gold pieces
 54126 | Orc:2    | Found the amulet of the Four Winds {rN+ Will+++ Clar}
 54623 | Vaults:1 | Entered Level 1 of the Vaults
 54924 | Vaults:1 | Identified the +5 long sword "Atairoa" {speed, rF+ rC+
                  | SInv}
 55855 | Vaults:1 | Received a gift from Sif Muna
 55856 | Vaults:1 | Got Zuguz's Discursus on Elsewhere and Aeromancy {god gift}
 56715 | Depths:1 | Entered Level 1 of the Depths
 56922 | D:15     | Learned a level 4 spell: Flame Wave
 57497 | Depths:1 | Found a white marble altar of Elyvilon.
 57579 | Depths:1 | Found Ozxun's Antique Armour Emporium.
 57603 | Depths:1 | Noticed Sojobo
 58271 | D:15     | Slain by a vampire knight

Illustrated notes

Levels and vault maps discovered:
D:1:      dpeg_arrival_shelter, layout_basic, basic_ecumenical_altar,
          minmay_pentomino_p2
D:2:      layout_rooms, minmay_fractal_squares_gapless_5
D:3:      layout_loops_cross, minivault_14, uniq_natasha
D:4:      layout_basic, uniq_pikel
D:5:      layout_basic, portal_sewer_entry_d, gammafunk_ghost_nasty_kobolds
D:6:      layout_loops_ring, xom_butterflies, serial_shops,
          nicolae_shop_just_a_little_nook,
          nicolae_ossuary_entry_false_entrances, minmay_large_rounded_square
D:7:      layout_basic, minmay_temple_entry_arrows
D:8:      layout_loops_ring, chequers_temple_overflow_minitemple
D:9:      layout_loops_cross, nzn_wu_jian_council_hall,
          mainiacjoe_overflow_alcove_2, dpeg_oklobed_lair, due_unseen_surprise
D:10:     layout_roguey, enter_bailey_5, grunt_decor_fettered
D:11:     layout_big_octagon, serial_glass, glass_columns_a, glass_columns_b,
          hangedman_feature_mirror
D:12:     layout_stronghold, david_orc_3, serial_shops, nicolae_take_the_stairs,
          uniq_fannar
D:13:     layout_roguey, hangedman_vaults_entry_quadrant_bands
D:14:     layout_irregular_city, gauntlet_entry_generic, minmay_curled_crystal
D:15:     gammafunk_enter_depths_forms, layout_loops_ring,
          grunt_gozag_breadcrumbs, drop_trap
Temple:   bh_familiar_temple
Lair:1:   layout_regular_city, nicolae_quartered_pool_medium
Lair:2:   layout_roguey, nicolae_shoals_entry_roost, grunt_megastairs_5,
          infiniplex_staircase_pool
Lair:3:   nzn_winding_woodlands_cross [nzn_winding_woodlands_5x15_eye,
          nzn_winding_woodlands_5x15_split_checker,
          nzn_winding_woodlands_5x15_pathside_ponds,
          nzn_winding_woodlands_5x15_jagged,
          nzn_winding_woodlands_15x15_eel_pit], layout_loops_ring,
          guppyfry_snake_entry_garden
Lair:4:   layout_roguey [special_room_mythical_zoo], minmay_slime_entry_pillars,
          ldierk_geyser
Shoals:1: layout_shoals, uniq_kirke, uniq_louise
Shoals:2: layout_shoals, gammafunk_ghost_wrathful_warriors, uniq_ilsuiw
Shoals:3: layout_shoals
Shoals:4: shoals_end_simple, layout_shoals, nicolae_shoals_pincushion_passage
Snake:1:  layout_cave_shapes, drop_trap
Snake:2:  layout_misc_corridors, basic_altar
Snake:3:  layout_layer_cave, serial_shops, nicolae_shop_just_a_little_nook
Snake:4:  minmay_snake_end_coiled, layout_onion, serial_shops,
          nicolae_shop_trees
Orc:1:    layout_diamond_mine, basic_altar
Orc:2:    grunt_orc_cross, layout_caves, okawaru_metal_pillars_1_2
Vaults:1: nicolae_vaults_tetromino_L_2, nicolae_vaults_closet_pinwheel_3,
          st_smaller_cells, minmay_orc_keep, nicolae_vaults_trapezoid_2,
          hangedman_vaults_slither, nicolae_vaults_heart-shaped_vault,
          nicolae_vaults_house_2, vaults_room_hallway, nicolae_vaults_asterisk,
          nicolae_vaults_trapezoid_layered, hangedman_vaults_capsules,
          vaults_room_pool, nicolae_vaults_tetromino_L_2, vaults_dpeg_ring,
          layout_vaults_maze_snakey, serial_shops, shop, uniq_norris,
          uniq_asterion
Depths:1: layout_forbidden_donut, enter_ziggurat_c, grunt_metal_band,
          elyvilon_altar_3, serial_shops, nicolae_shop_dealshenge, shop, shop,
          nicolae_shop_pleasant_corner_grove, nicolae_shop_real_fake_doors,
          nicolae_letterblocks [nicolae_letter_subblock,
          nicolae_letter_subblock, nicolae_letter_subblock,
          nicolae_letter_subblock, nicolae_letter_subblock,
          nicolae_letter_subblock, nicolae_letter_subblock,
          nicolae_letter_subblock, nicolae_letter_subblock,
          nicolae_letter_subblock, nicolae_letter_subblock,
          nicolae_letter_subblock, nicolae_letter_subblock,
          nicolae_letter_subblock, nicolae_letter_subblock,
          nicolae_letter_subblock, nicolae_letter_subblock,
          nicolae_letter_subblock, nicolae_letter_subblock,
          nicolae_letter_subblock, nicolae_letter_subblock,
          nicolae_letter_subblock, nicolae_letter_subblock,
          nicolae_letter_subblock, nicolae_letter_subblock], uniq_sojobo

Skill      XL: |  1  2  3  4  5  6  7  8  9 10 11 12 13 14 15 16 17 18 19 |
---------------+----------------------------------------------------------+-----
Ice Magic      | 5 6 7 8 9 10 11 12 13 14 15 16 | 16.8
Fighting       | 2 5 6 7 8 9 10 11 12 13 14 15 16 | 16.3
Summonings     | 2 3 |  3.3
Dodging        | 4 6 8 9 10 12 13 14 15 17 | 17.7
Stealth        | 3 6 7 9 10 11 13 14 15 | 15.9
Armour         | 1 2 |  2.9
Spellcasting   | 3 4 6 7 8 9 10 11 12 | 12.3
Invocations    | 2 4 6 7 9 10 11 | 11.5
Air Magic      | 1 3 6 |  6.9
Conjurations   | 1 4 6 7 |  7.0
Translocations | 1 |  1.9
Fire Magic     | |  0.4

Action                     |  1- 3 |  4- 6 |  7- 9 | 10-12 | 13-15 | 16-18 | 19-21 || total
---------------------------+-------+-------+-------+-------+-------+-------+-------++-------
  Melee: Dagger            |       |    11 |   192 |    42 |    13 |       |       ||   258
         Tailslap          |       |       |     1 |       |       |     6 |       ||     7
         Staff             |       |       |       |    85 |    18 |    26 |    12 ||   141
         Punch             |       |       |       |     1 |     2 |       |     3 ||     6
   Cast: Freeze            |    59 |    28 |    84 |   220 |   423 |   156 |    50 ||  1020
         Frozen Ramparts   |     2 |    10 |    40 |    77 |    97 |    52 |    11 ||   289
         Ozocubu's Armour  |       |     1 |     9 |    45 |    88 |    39 |     7 ||   189
         Summon Ice Beast  |       |       |     1 |    23 |    15 |     3 |     4 ||    46
         Freezing Cloud    |       |       |       |     3 |   136 |   242 |    27 ||   408
         Hailstorm         |       |       |       |     3 |    72 |   100 |     2 ||   177
         Blink             |       |       |       |       |     1 |     3 |     7 ||    11
         Airstrike         |       |       |       |       |       |   501 |   113 ||   614
         Summon Lightning  |       |       |       |       |       |     1 |     2 ||     3
         Ozocubu's Refrige |       |       |       |       |       |    13 |    21 ||    34
         Flame Wave        |       |       |       |       |       |       |     3 ||     3
 Invoke: Channel Magic     |       |       |       |       |       |       |     1 ||     1
    Use: Scroll            |     4 |     5 |    11 |     8 |    12 |     9 |     3 ||    52
         Potion            |       |       |     1 |     7 |     5 |     6 |     2 ||    21
   Stab: Sleeping          |       |     1 |     5 |       |       |       |       ||     6
         Distracted        |       |       |     1 |     2 |       |       |       ||     3
 Armour: Robe              |     7 |    19 |   127 |    42 |       |       |       ||   195
         Skin              |       |       |     1 |       |     1 |       |       ||     2
         Acid dragon scale |       |       |       |   394 |   503 |   399 |   142 ||  1438
  Dodge: Dodged            |    41 |    12 |   203 |   373 |   464 |   458 |   139 ||  1690
